 Dungeon Crawl Stone Soup version 0.31.0-11-ge490571c62 (webtiles) character file.

Game seed: 11799947672661203901

42 qw the Shooter (level 3, -7/18 HPs)
             Began as a Spriggan Hunter on Feb 3, 2024.
             Killed from afar by Natasha (8 damage)
             ... with a magic dart
             ... on level 1 of the Dungeon.
             The game lasted 00:00:03 (591 turns).

qw the Shooter (Spriggan Hunter)                     Turns: 591, Time: 00:00:03

Health: -7/18      AC:  2    Str:  7    XL:     3   Next: 35%
Magic:  4/4        EV: 19    Int: 10    God:
Gold:   36         SH:  0    Dex: 20    Spells: 2/2 levels left

rFire   . . .        a - +0 shortbow
rCold   . . .        (shield currently unavailable)
rNeg    . . .        c - +0 robe
rPois   .            (helmet restricted)
rElec   .            (no cloak)
rCorr   .            (gloves unavailable)
SInv    +            (boots unavailable)
Will    .....        (no amulet)
Stlth   ++           (no ring)
HPRegen 0.23/turn    (no ring)
MPRegen 0.09/turn

%: no passive effects
@: slowed, invisible (expiring), quick
A: very small, no large weapons, unfitting armour, see invisible, speed 3
a: no special abilities


You were on level 1 of the Dungeon.
You visited 1 branch of the dungeon, and saw 2 of its levels.

You collected 36 gold pieces.


Innate Abilities, Weirdness & Mutations

You are very small and have problems with some larger weapons.
You are too small for most types of armour.
You have supernaturally acute eyesight. (SInv)
You cover ground extremely quickly. (Speed+++)


   Skills:
 - Level 1.5 Fighting
 + Level 4.6 Ranged Weapons
 - Level 4.0 Dodging
 - Level 1.5 Stealth


You had 2 spell levels left.
You didn't know any spells.
Your spell library was empty.

Inventory:

Hand Weapons
 a - a +0 shortbow (weapon)
Armour
 c - a +0 robe (worn)
Potions
 f - a potion of heal wounds {unknown}

Dungeon Overview and Level Annotations

Branches:
Dungeon (2/15)

Altars:

Annotations:
D:1 Natasha


Message History

There is a stone staircase leading down here.
You shoot an arrow. The arrow hits Natasha.
Natasha is severely wounded.
Natasha misses you. Natasha closely misses you.
You shoot an arrow. The arrow misses Natasha.
Natasha closely misses you. x2
You shoot an arrow. The arrow closely misses Natasha.
Natasha completely misses you.
You shoot an arrow. The arrow hits Natasha.
Natasha is severely wounded.
Natasha claws you but does no damage.
Natasha casts a spell.
You shoot an arrow. The arrow hits Natasha.
Natasha is almost dead.
Natasha completely misses you. x2
You shoot an arrow. The arrow barely misses Natasha.
The arrow closely misses the cerulean imp.
Natasha barely misses you.
You shoot an arrow. The arrow barely misses Natasha.
The arrow closely misses the cerulean imp.
Natasha casts a spell at you. The magic dart hits you. Natasha claws you.
You shoot an arrow. The arrow closely misses Natasha.
The arrow closely misses the cerulean imp.
The cerulean imp shouts!
Natasha claws you. x2; The cerulean imp barely misses you.
You shoot an arrow. The arrow closely misses Natasha.
The arrow closely misses the cerulean imp.
Natasha wildly gestures.
You feel troubled. Natasha claws you. Natasha misses you.
You shoot an arrow. The arrow closely misses Natasha.
The arrow hits the cerulean imp!
The cerulean imp is heavily wounded.
You flicker for a moment.
The cerulean imp closely misses you. Natasha casts a spell at you.
The magic dart hits you!
You die...
Natasha curls up and begins to purr.

.......# #.#####
..%...## #.....#
#####.# #####.#
#.# #.# ## #.# #.#
.# #.# #.# .# #.#
#5# .# #.# #h# .##
#.# #@# ..###.#
#.#
#.....##########%#
..............[..#
.###..############
..(#..# ...#.##
#..%## .###.#


You could see Natasha and a cerulean imp (summoned, unable to see you).

Vanquished Creatures
  4 ball pythons (D:1)
  2 bats (D:1)
  4 endoplasms (D:1)
  2 goblins (D:1)
  4 hobgoblins (D:1)
  9 jackals (D:1)
  3 kobolds (D:1)
  A quokka (D:1)
  4 frilled lizards (D:1)
  3 rats (D:1)
36 creatures vanquished.

Notes
Turn   | Place    | Note
-------+----------+-------------------------------------------
     0 | D:1      | qw the Spriggan Hunter began the quest for the Orb.
     0 | D:1      | Reached XP level 1. HP: 10/10 MP: 2/2
     0 | D:1      | 0 ||| qw: Version: 0.3-a-157-g843a77d
     0 | D:1      | 0 ||| qw: Game counter: 3926
     0 | D:1      | 0 ||| qw: Melee chars always use a shield: true
     0 | D:1      | 0 ||| qw: God list: Okawaru
     0 | D:1      | 0 ||| qw: Allow faded altars: false
     0 | D:1      | 0 ||| qw: Do Orc after clearing Dungeon:15 true
     0 | D:1      | 0 ||| qw: Do second Lair branch before Depths: true
     0 | D:1      | 0 ||| qw: Lair rune preference: random
     0 | D:1      | 0 ||| qw: Goals: Normal
     0 | D:1      | 0 ||| PLANNING D:1-11
     6 | D:1      | Reached skill level 3 in Dodging
    67 | D:1      | Found a faded altar of an unknown god.
    72 | D:1      | Reached XP level 2. HP: 14/14 MP: 3/3
   218 | D:1      | Reached XP level 3. HP: 18/18 MP: 4/4
   543 | D:1      | 543 ||| READING scroll labelled WESHISHUBUXT.
   543 | D:1      | 543 ||| IDENTIFYING murky dark potion
   544 | D:1      | 544 ||| READING scroll labelled ISAFUOPP WICVI.
   545 | D:1      | 545 ||| READING scroll labelled NYAPUO YGRA.
   546 | D:1      | 546 ||| DRINKING 2 sapphire potions.
   547 | D:1      | 547 ||| DROPPING scroll of butterflies.
   548 | D:1      | 548 ||| DROPPING potion of attraction.
   549 | D:1      | 549 ||| DROPPING potion of invisibility.
   570 | D:2      | Noticed Natasha
   571 | D:2      | 571 ||| STAIRDANCE
   580 | D:2      | 580 ||| STAIRDANCE
   589 | D:1      | HP: 1/18 [Natasha (6)]
   591 | D:1      | Killed from afar by Natasha

Levels and vault maps discovered:
D:1:      dpeg_arrival_solitude, layout_loops_ring,
          hellmonk_ecumenical_altar_heavens_door, minmay_pentomino_v4
D:2:      layout_loops_ring, uniq_crazy_yiuf_cottage, uniq_natasha,
          uniq_jessica, uniq_sigmund

Skill      XL: |  1  2 |
---------------+-------+-----
Dodging        | 3 4 |  4.0
Fighting       | |  1.5
Ranged Weapons | |  4.6
Stealth        | |  1.5

Action                     || total
---------------------------++-------
   Fire: Shortbow          ||   107
    Use: Scroll            ||     3
         Potion            ||     1
 Armour: Robe              ||    15
  Dodge: Dodged            ||    34

Table legend:
 A = Non-vault XP
 B = Vault XP
 C = Vault XP percentage of total XP
 D = Non-vault monster count
 E = Vault monster count
 F = Vault count percentage of total count
                 A         B        C        D         E       F
            +---------+---------+-------+---------+---------+-------
      Total |      57 |       4 |   6.6 |      33 |       3 |   8.3
            +---------+---------+-------+---------+---------+-------
        D:1 |      57 |       4 |   6.6 |      33 |       3 |   8.3
            +---------+---------+-------+---------+---------+-------
